 Dungeon Crawl Stone Soup version 0.23.2-1-ga50397a (webtiles) character file.

Game seed: 4410242071683856481

1552 XPEneeg3 the Chopper (level 8, -6/73 HPs)
             Began as a Hill Orc Fighter on May 20, 2019.
             Was an Initiate of Beogh.
             Shot with an arrow by a centaur (9 damage)
             ... on level 6 of the Dungeon.
             The game lasted 00:19:40 (5988 turns).

XPEneeg3 the Chopper (Hill Orc Fighter)             Turns: 5988, Time: 00:19:41

Health: -6/73      AC:  7    Str: 21    XL:     8   Next: 88%
Magic:  8/8        EV:  8    Int:  8    God:    Beogh [......]
Gold:   221        SH: 10    Dex: 10    Spells: 7/7 levels left

rFire    . . .     SeeInvis .   a - +1 war axe
rCold    . . .     Gourm    .   c - +0 shield
rNeg     + . .     Faith    .   e - +0 ring mail of Zin's Scorn {rElec rN+}
rPois    .         Spirit   .   (no helmet)
rElec    +         Reflect  .   (no cloak)
rCorr    .         Harm     .   v - +0 pair of gloves
MR       .....                  (no boots)
Stlth    ..........             (no amulet)
HPRegen  0.22/turn              (no ring)
MPRegen  0.11/turn              (no ring)

@: no status effects
A: no striking features
a: Renounce Religion


You were on level 6 of the Dungeon.
You worshipped Beogh.
Beogh was noncommittal.
You were not hungry.

You visited 1 branch of the dungeon, and saw 6 of its levels.

You collected 221 gold pieces.

Inventory:

Hand Weapons
 a - a +1 war axe (weapon)
Missiles
 m - 5 tomahawks (quivered)
 w - 12 poisoned needles
Armour
 c - a +0 shield (worn)
 e - the +0 ring mail of Zin's Scorn (worn) {rElec rN+}
   (You found it on level 4 of the Dungeon)

   It insulates you from electricity.
   It protects you from negative energy.
 v - a +0 pair of gloves (worn)
Scrolls
 h - 3 scrolls of teleportation
 i - 5 scrolls of identify
 n - a scroll of enchant weapon
 p - 7 scrolls of remove curse
 s - a scroll of magic mapping {unknown}
 u - a scroll of immolation {unknown}
Potions
 b - a potion of haste {unknown}
 d - 2 potions of might
 g - a potion of magic {unknown}
 j - a potion of resistance {unknown}
 k - a potion of flight {unknown}
 l - a potion of berserk rage {unknown}
 o - a potion of ambrosia {unknown}
 q - 2 potions of curing
 r - 3 potions of agility
 t - a potion of degeneration
 z - 2 potions of cancellation
Comestibles
 f - 12 rations


   Skills:
 + Level 7.3 Fighting
 + Level 7.5 Axes
 + Level 6.7 Armour
 + Level 6.8 Shields


You had 7 spell levels left.
You didn't know any spells.
Your spell library contained the following spells:

 Spells                   Type           Power        Failure   Level  Hunger
 Magic Dart               Conj           #...         89%         1    ##.....
 Blink                    Tloc           N/A          96%         2    ###....
 Call Imp                 Summ           #.......     96%         2    ###....
 Slow                     Hex            #.......     96%         2    ###....
 Conjure Flame            Conj/Fire      #.......     99%         3    ####...
 Mephitic Cloud           Conj/Pois/Air  #.......     99%         3    ####...


Dungeon Overview and Level Annotations

Branches:
Dungeon (6/15)
 Temple: D:4-7

Altars:
Cheibriados
Okawaru
The Shining One

Shops:
D:4 [

Annotations:
D:6 Edmund


Message History

The centaur shoots an arrow.
You block the arrow.
Edmund says, "People think my brother is the best.
I think he's crazy."
The howler monkey hoots and howls with incredible vigour!
You see here an arrow.
You take 15 damage, and have 16/73 hp.
MASSIVE DAMAGE!!
The centaur shoots an arrow.
You block the arrow.
You see here an arrow.
The centaur shoots an arrow.
The arrow hits you.
* * * LOW HITPOINT WARNING * * *
The centaur shoots an arrow.
The arrow hits you!
* * * LOW HITPOINT WARNING * * *
An ogre comes into view. It is wielding a +0 giant spiked club.
You see here 2 arrows.
A centaur comes into view.
The centaur shouts!
The centaur wields a +0 shortbow.
The centaur shoots an arrow.
You block the arrow.
The howler monkey hoots and howls with incredible vigour!
The centaur shoots an arrow.
The arrow hits you!
You die...

c.. ......# .. ....O.#
#.##......### .#
##.#.......#.#..# #
...#....#.......... #.
............#... ...
##.........##.# ....
#...@......##.# #....
##....(.h..##..##.....
#......((..#.......... .
##.....5.((@(.........:
....##.............!........
..........c.................
.##...#..#.####.............
###.##.#..#.............(. .
#......<..............


You could see Edmund, an ogre, 2 centaurs, a howler monkey and a crimson imp.

Vanquished Creatures
  A hippogriff (D:6)
  Eustachio (D:5)
  2 ice beasts (D:5)
  An ogre (D:5)
  A phantom (D:6)
  A bullfrog (D:5)
  A scorpion (D:4)
  4 crimson imps (D:5)
  A jelly (D:5)
  3 hounds
  Jessica (D:3)
  A bullfrog skeleton (D:4)
  3 orc wizards
  5 worker ants
  A hound skeleton (D:5)
  6 gnolls
  8 adders
  2 oozes
  An adder zombie (D:5)
  3 worms
  2 dart slugs
  4 leopard geckos
  15 orcs
  A ball python (D:4)
  9 bats
  7 giant cockroaches
  10 goblins
  3 hobgoblins
  5 jackals
  2 quokkas
  7 frilled lizards
  9 kobolds
  A leopard gecko zombie (D:5)
  11 rats
  2 plants (D:1)
135 creatures vanquished.

Vanquished Creatures (others)
  An orc priest (D:5)
  A worker ant (D:5)
  3 orcs (D:5)
5 creatures vanquished.

Grand Total: 140 creatures vanquished

Notes
Turn   | Place    | Note
-------+----------+-------------------------------------------
     0 | D:1      | XPEneeg3 the Hill Orc Fighter began the quest for the Orb.
     0 | D:1      | Reached XP level 1. HP: 19/19 MP: 1/1
   287 | D:1      | You fall through a shaft!
   311 | D:2      | Reached XP level 2. HP: 27/27 MP: 2/2
   517 | D:2      | Reached XP level 3. HP: 29/33 MP: 3/3
  1288 | D:2      | Reached XP level 4. HP: 31/40 MP: 4/4
  2011 | D:3      | Reached XP level 5. HP: 41/47 MP: 5/5
  2917 | D:3      | Noticed Jessica
  2924 | D:3      | Killed Jessica
  3182 | D:4      | Found Wouxt's Armour Shoppe.
  3199 | D:4      | Reached XP level 6. HP: 55/55 MP: 6/6
  3213 | D:4      | Got a faintly glowing ring mail
  3235 | D:3      | Reached skill level 5 in Fighting
  3380 | D:3      | Identified the +0 ring mail of Zin's Scorn {rElec rN+} (You
                  | found it on level 4 of the Dungeon)
  3765 | D:4      | Found a snail-covered altar of Cheibriados.
  3873 | D:4      | Reached skill level 5 in Axes
  3881 | D:4      | Reached skill level 5 in Shields
  3981 | D:4      | Reached XP level 7. HP: 61/61 MP: 7/7
  3996 | D:4      | Reached skill level 5 in Armour
  3999 | D:4      | Found an iron altar of Okawaru.
  4420 | D:5      | Entered Level 5 of the Dungeon
  4453 | D:5      | Noticed Eustachio
  4611 | D:5      | Killed Eustachio
  4673 | D:5      | Became a worshipper of Beogh the Brigand
  4944 | D:5      | Reached XP level 8. HP: 63/70 MP: 8/8
  4963 | D:5      | Found a glowing golden altar of the Shining One.
  5967 | D:6      | Noticed a hippogriff
  5977 | D:6      | Killed a hippogriff
  5977 | D:6      | Noticed Edmund
  5987 | D:6      | HP: 3/73 [centaur/arrow (8)]
  5988 | D:6      | Shot with an arrow by a centaur

Skill      XL: |  1  2  3  4  5  6  7  8 |
---------------+-------------------------+-----
Axes           | 3 4 5 6 7 |  7.5
Fighting       | 4 5 6 7 |  7.3
Shields        | 4 5 6 |  6.8
Armour         | 4 5 6 |  6.7

Action                   |  1- 3 |  4- 6 |  7- 9 || total
-------------------------+-------+-------+-------++-------
Melee: War axe           |   131 |   190 |   213 ||   534
Invok: Convert to Beogh  |       |       |     1 ||     1
  Use: Scroll            |       |     4 |       ||     4
       Potion            |       |     1 |     3 ||     4
  Eat: Chunk             |     1 |     9 |     2 ||    12
       Ration            |       |       |     2 ||     2
Armor: Scale mail        |    56 |    70 |       ||   126
       Ring mail         |       |    16 |    54 ||    70
Dodge: Dodged            |    38 |    50 |    56 ||   144
Block: Shield            |    64 |    87 |   125 ||   276
